 Dungeon Crawl Stone Soup version 0.19.1 (webtiles) character file.

179 kae the Shield-Bearer (level 5, -1/42 HPs)
             Began as a Formicid Fighter on Dec 14, 2016.
             Slain by Grinder (2 damage)
             ... on level 3 of the Dungeon.
             The game lasted 00:02:24 (2030 turns).

kae the Shield-Bearer (Formicid Fighter)            Turns: 2030, Time: 00:02:25

Health: -1/42      AC:  7    Str: 21    XL:     5   Next: 90%
Magic:  5/5        EV:  8    Int:  8    God:
Gold:   137        SH:  9    Dex: 10    Spells: 0 memorised, 4 levels left

rFire  . . .     SeeInvis +     a - +0 long sword
rCold  . . .     Gourm    .     b - +0 scale mail
rNeg   . . .     Faith    +     c - +0 shield
rPois  .         Spirit   .     (helmet unavailable)
rElec  .         Reflect  .     (no cloak)
rCorr  .         Harm     .     (no gloves)
MR     .....                    (no boots)
Stlth  ..........               m - amulet of faith
                                (no ring)
                                (no ring)

@: no status effects
A: permanent stasis, dig shafts and tunnels, four strong arms, antennae 3
a: Dig, Shaft Self


You were on level 3 of the Dungeon.
You were hungry.

You visited 1 branch of the dungeon, and saw 3 of its levels.

You collected 137 gold pieces.

Inventory:

Hand Weapons
 a - a +0 long sword (weapon)
Missiles
 v - a throwing net (quivered)
Armour
 b - a +0 scale mail (worn)
 c - a +0 shield (worn)
Jewellery
 m - an amulet of faith (around neck)
Scrolls
 g - a scroll of amnesia
 i - a scroll of fog {unknown}
 j - a scroll of identify {unknown}
 n - 3 scrolls of fear {unknown}
 q - 4 scrolls of magic mapping {unknown}
 r - a scroll of remove curse {unknown}
 s - a scroll of blinking {unknown}
 u - a scroll of recharging {unknown}
Potions
 d - a potion of might
 e - a potion of brilliance {unknown}
 h - a potion of cancellation {unknown}
 k - a potion of agility {unknown}
 l - a potion of flight {unknown}
 o - a potion of curing {unknown}
 t - a potion of invisibility {unknown}
Comestibles
 f - 2 bread rations
 p - a meat ration


   Skills:
 + Level 4.2 Fighting
 * Level 4.0 Long Blades
 + Level 4.1 Armour
 + Level 4.3 Shields


You had 4 spell levels left.
You didn't know any spells.

Dungeon Overview and Level Annotations

Branches:
Dungeon (3/15)

Altars:
Cheibriados
Dithmenos
Kikubaaqudgha
Ru
Sif Muna
Vehumet
Zin

Annotations:
D:3 Grinder


Innate Abilities, Weirdness & Mutations

You are under a permanent stasis effect.
You can dig through walls and to a lower floor.
Your four strong arms can wield two-handed weapons with a shield.
You have a pair of large antennae on your head. (SInv)


Message History

* * * LOW HITPOINT WARNING * * *
You barely miss Grinder.
Grinder is moderately wounded.
Grinder barely misses you.
You closely miss Grinder.
Grinder is moderately wounded.
You block Grinder's attack.
You barely miss Grinder.
Grinder is moderately wounded.
Grinder hits you.
* * * LOW HITPOINT WARNING * * *
You closely miss Grinder.
Grinder is moderately wounded.
You hear a shout!
Grinder closely misses you.
You riposte.
You closely miss Grinder.
Grinder is moderately wounded.
Grinder hits you!
* * * LOW HITPOINT WARNING * * *
You writhe in agony.
You die...

### #@##
###############5#
#.............{##
#).............#
###..............#
.................#
{ #
.#######(#.......#
..
......##.#.......#
...
.......).+...g...#
....


You could see Grinder.

Vanquished Creatures
  Natasha (twice) (D:2 D:1)
  4 gnolls
  An adder (D:2)
  An adder zombie (D:3)
  2 adder skeletons (D:3)
  2 dart slugs
  3 leopard geckos
  4 orcs
  3 ball pythons
  3 bats (D:1)
  4 giant cockroaches
  2 goblins
  11 hobgoblins
  6 jackals
  2 kobolds (D:3)
  2 frilled lizards
  8 rats
60 creatures vanquished.

Notes
Turn   | Place    | Note
-------+----------+-------------------------------------------
     0 | D:1      | kae the Formicid Fighter began the quest for the Orb.
     0 | D:1      | Reached XP level 1. HP: 18/18 MP: 1/1
    62 | D:1      | Reached XP level 2. HP: 21/24 MP: 2/2
   374 | D:1      | Reached XP level 3. HP: 29/29 MP: 3/3
   605 | D:2      | Found a shadowy altar of Dithmenos.
   609 | D:2      | Found an ancient bone altar of Kikubaaqudgha.
   609 | D:2      | Found a deep blue altar of Sif Muna.
   611 | D:2      | Found a glowing silver altar of Zin.
   612 | D:2      | Noticed Natasha
   631 | D:2      | Killed Natasha
   631 | D:2      | Reached XP level 4. HP: 13/37 MP: 4/4
   921 | D:2      | Found a sacrificial altar of Ru.
  1152 | D:2      | Noticed Natasha
  1174 | D:1      | Killed Natasha
  1174 | D:1      | Reached XP level 5. HP: 23/42 MP: 5/5
  1571 | D:3      | Found a snail-covered altar of Cheibriados.
  1706 | D:3      | Found a radiant altar of Vehumet.
  1998 | D:3      | Noticed Grinder
  2030 | D:3      | HP: 1/42 [Grinder (8)]
  2030 | D:3      | Slain by Grinder

Skill      XL: |  1  2  3  4  5 |
---------------+----------------+-----
Long Blades    | 3 4 |  4.0
Fighting       | 4 |  4.2
Shields        | 4 |  4.3
Armour         | 4 |  4.1

Action                   |  1- 3 |  4- 6 || total
-------------------------+-------+-------++-------
Melee: Long sword        |    93 |   145 ||   238
Throw: Throwing net      |       |     1 ||     1
 Abil: Dig               |     1 |     2 ||     3
  Use: Scroll            |       |     1 ||     1
  Eat: Chunk             |       |     4 ||     4
Armor: Scale mail        |    48 |    64 ||   112
Dodge: Dodged            |    38 |    54 ||    92
Block: Shield            |    79 |    85 ||   164
       Rpst.: Long sword |    12 |    20 ||    32
